Map: Ruins of Endion

Players

blackxored

  • Race: Zerg Zerg
  • League: Diamond

Cojones - Winner!

  • Race: Terran Terran
  • League: Platinum

VOD

Have the link to the VOD?

Description

Time

  • Played on: July 2, 2016, 2:24 a.m.
  • Length: 7:26
Show
View Real Time Build Order
Export as new Build Order

blackxored Zerg 

Build Orders: Hatch First 

Get SALT Encoding   

  12  0:01  Drone  
  13  0:08  Drone  
  14  0:17  Overlord  
  14  0:23  Extractor  
  14  0:24  Drone  
  15  0:43  Drone x2  
  17  0:55  Hatchery  
  16  0:57  Drone  
  16  1:01  Drone  
  18  1:12  Extractor  
  18  1:18  Spawning Pool  
  16  1:27  Drone x2  
  18  1:39  Drone x2  
  20  1:49  Overlord  
  20  2:06  Zergling x2  
  20  2:07  Queen  
  23  2:12  Roach Warren  
  23  2:13  Zergling x4  
  24  2:21  Zergling x4  
  26  2:29  Spine Crawler  
  25  2:31  Zergling x2  
  26  2:43  Queen  
  28  2:47  Zergling x6  
  31  2:54  Overlord  
  31  3:12  Queen  
  33  3:19  Roach  
  35  3:32  Overlord, Drone  
  29  3:56  Ravager  
  29  4:02  Zergling x8  
  30  4:15  Roach x4  
  36  4:21  Evolution Chamber  
  36  4:22  Pneumatized Carapace  
  35  4:29  Roach  
  37  4:34  Overlord  
  37  4:42  Ravager  
  37  4:45  Overlord  
  38  4:51  Overlord  
  38  5:13  Queen  
  40  5:26  Roach x3  
  45  5:52  Roach x2  
  45  5:53  Roach x2  
  53  6:07  Roach  
  53  6:11  Roach x2  
  59  6:36  Overlord  
Show
View Real Time Build Order
Export as new Build Order

Cojones Terran - Winner!

Build Orders:  

Get SALT Encoding   

  12  0:00  SCV  
  13  0:13  SCV  
  14  0:18  Supply Depot  
  14  0:25  SCV  
  15  0:40  SCV  
  15  0:41  Barracks  
  16  0:52  SCV  
  17  1:03  Barracks  
  17  1:07  SCV  
  17  1:11  Refinery  
  18  1:19  SCV  
  19  1:31  Orbital Command  
  19  1:40  Marine  
  19  1:45  Bunker  
  20  1:52  Marine  
  21  1:55  Supply Depot  
  21  1:59  SCV  
  22  2:02  Marine  
  23  2:15  Bunker  
  23  2:17  Marine  
  23  2:20  Marine  
  25  2:27  Factory, Refinery  
  25  2:28  SCV  
  26  2:37  Marine  
  26  2:38  Marine  
  28  2:47  SCV  
  29  2:55  Marine  
  30  3:00  Supply Depot  
  30  3:03  Barracks Tech Lab  
  30  3:05  Barracks  
  30  3:19  SCV  
  31  3:36  Command Center  
  31  3:37  Barracks Tech Lab  
  31  3:39  Barracks Reactor  
  31  3:46  Siege Tank  
  30  4:05  Marine  
  30  4:06  Marine  
  29  4:13  SCV  
  29  4:17  Marine x2  
  30  4:18  Siege Tank  
  35  4:25  SCV  
  36  4:46  Marine x2  
  36  4:48  Engineering Bay  
  36  4:49  Orbital Command  
  38  4:56  Barracks Tech Lab  
  38  4:57  Combat Shields  
  37  5:16  Missile Turret  
  37  5:22  Orbital Command  
  37  5:30  Starport  
  37  5:37  Missile Turret  
  37  5:39  Concussive Shells  
  37  5:42  Marine x2  
  39  5:51  SCV x2  
  39  5:54  Widow Mine  
  42  5:58  Missile Turret  
  42  6:03  SCV x2  
  44  6:05  Missile Turret  
  44  6:08  Viking  
  46  6:15  SCV x2  
  48  6:23  Siege Tank  
  48  6:24  Reaper  
  52  6:27  SCV x2  
  54  6:48  Supply Depot  
  54  6:51  Engineering Bay  
  54  6:53  Supply Depot, SCV  
  54  6:57  Marine x2, SCV  
  53  7:05  SCV  
  49  7:10  SCV  
  49  7:12  Supply Depot  
Tags
 
Add a new tag
Caveats
  • Supply blocks, unpowered buildings, or Contaminate may cause inaccurate times.
  • Supply counts are checked every 10 seconds.